 Dungeon Crawl Stone Soup version 0.26-a0-1191-ge2a0e31ab3 (webtiles) character file.

Game seed: 18294812038002335171

53 sideus8 the Chiller (level 3, -1/20 HPs)
             Began as a Deep Elf Ice Elementalist on Dec 28, 2020.
             Killed from afar by Ijyb (21 damage)
             ... with a bolt of acid
             ... on level 3 of the Dungeon.
             The game lasted 00:02:31 (1842 turns).

sideus8 the Chiller (Deep Elf Ice Elementalist)     Turns: 1842, Time: 00:02:33

Health: -1/20      AC:  5    Str: 11    XL:     3   Next: 62%
Magic:  9/10       EV: 11    Int: 20    God:
Gold:   114        SH:  0    Dex: 15    Spells: 8/9 levels left

rFire    . . .     SeeInvis .   (no weapon)
rCold    . . .     Faith    .   (no shield)
rNeg     . . .     Spirit   .   e - +0 ring mail
rPois    .         Reflect  .   (no helmet)
rElec    .         Harm     .   (no cloak)
rCorr    .         Rampage  .   (no gloves)
Will     .....                  (no boots)
Stlth    ++........             (no amulet)
HPRegen  0.06/turn              h - +6 ring of strength
MPRegen  0.12/turn              (no ring)

@: no status effects
A: no striking features
a: no special abilities


You were on level 3 of the Dungeon.
You visited 1 branch of the dungeon, and saw 3 of its levels.

You collected 114 gold pieces.

Inventory:

Missiles
 g - 8 silver javelins
Armour
 a - a +0 robe
 e - a +0 ring mail (worn)
 k - a cursed +0 robe
Jewellery
 h - a +6 ring of strength (left hand)
Scrolls
 b - a scroll of fear
Potions
 c - a potion of might
 d - a potion of cancellation
 i - a potion of brilliance {unknown}
 j - a potion of attraction {unknown}


   Skills:
 + Level 0.6 Fighting
 + Level 0.1 Armour
 + Level 2.5 Dodging
 + Level 2.5 Stealth
 + Level 3.5 Spellcasting
 + Level 5.3 Ice Magic


You had 8 spell levels left.
You knew the following spells:

 Your Spells              Type           Power        Failure   Level
a - Freeze                Ice            100%         3%          1

Your spell library contained the following spells:

 Spells                   Type           Power        Failure   Level
 Frozen Ramparts          Ice            50%          11%         3
 Ozocubu's Armour         Ice            25%          11%         3
 Hailstorm                Conj/Ice       14%          73%         4
 Summon Ice Beast         Ice/Summ       14%          73%         4


Dungeon Overview and Level Annotations

Branches:
Dungeon (3/15)

Altars:
Uskayaw

Annotations:
D:3 Ijyb


Message History

You feel blessed for a moment.
It was a scroll of remove curse.
Found 10 stones.
A giant cockroach comes into view.
Ijyb the Twisted Goblin comes into view.
She is wielding a +0 dagger and carrying a wand of acid (10).
Ijyb shouts!
You hear a shout! x3; You hear an angry hiss.
Found a mace.
You hear an angry hiss.
You hit the giant cockroach but do no damage.
Ijyb screams, "Get away!"
The giant cockroach barely misses you.
Casting: Freeze (safe; 3% risk of failure)
Confirm with . or Enter, or press ? or * to list all spells.
Aiming: Freeze (safe; 3% risk of failure)
Press: ? - help, Shift-Dir - straight line, f - giant cockroach
Aim: a giant cockroach You freeze the giant cockroach.
The giant cockroach is severely wounded.
Ijyb zaps a wand.
The bolt of acid hits you!!
Ouch! That really hurt!
You die...

... . #.# #.# #.#
#..###.###########
#.(............#
#.#..#########.#
#........#...#.#
#...###..##.#.#.#.#
#.# #@## #...#.# #
#gB# #.###.# ....#
#.....# ......#
#.##### ###..#.#
#.# .).#.. #.#
....### #.# ...##
#.# #.#


You could see Ijyb and a giant cockroach.

Vanquished Creatures
  A gnoll (D:1)
  An adder (D:2)
  2 dart slugs (D:1)
  A leopard gecko (D:2)
  3 orcs (D:2)
  5 hobgoblins (D:1)
  4 jackals (D:1)
  2 kobolds
  4 bats
  2 rats (D:1)
25 creatures vanquished.

Notes
Turn   | Place    | Note
-------+----------+-------------------------------------------
     0 | D:1      | sideus8 the Deep Elf Ice Elementalist began the quest for
                  | the Orb.
     0 | D:1      | Reached XP level 1. HP: 10/10 MP: 6/6
   217 | D:1      | Reached XP level 2. HP: 14/15 MP: 6/8
   248 | D:1      | Reached skill level 5 in Ice Magic
   953 | D:1      | Reached XP level 3. HP: 15/19 MP: 7/9
  1211 | D:2      | Found a hide-covered altar of Uskayaw.
  1839 | D:3      | Noticed Ijyb
  1842 | D:3      | Killed from afar by Ijyb

Illustrated notes

Levels and vault maps discovered:
D:1:      dpeg_arrival_boxorama, layout_loops_ring, minmay_misc_feat_roman
D:2:      layout_basic, eat_drink_and_be_merry_uskayaw
D:3:      layout_basic, serial_curves, eino_curves_02, eino_curves_03,
          gup_sewer_entry_pipe, minmay_starry_boxes, uniq_ijyb

Skill      XL: |  1  2 |
---------------+-------+-----
Ice Magic      | 5 |  5.3
Fighting       | |  0.6
Armour         | |  0.1
Dodging        | |  2.5
Stealth        | |  2.5
Spellcasting   | |  3.5

Action                   || total
-------------------------++-------
Melee: Unarmed           ||     5
 Cast: Freeze            ||    35
  Use: Scroll            ||     6
       Potion            ||     1
Armor: Robe              ||     3
       Ring mail         ||     4
Dodge: Dodged            ||    17

Table legend: (Time is in decaauts)
 A = Elapsed time spent in this place.
 B = Non-inter-level travel time spent in this place.
 C = Inter-level travel time spent in this place.
 D = Time resting spent in this place.
 E = Time spent auto-exploring this place.
 F = Levels seen in this place.
 G = Mean time per level.
                   A        B        C        D        E       F      G
               +--------+--------+--------+--------+--------+-----+--------+
         Total |   1841 |   1841 |      0 |    195 |   1392 |   3 |  613.7 |
       Dungeon |   1841 |   1841 |      0 |    195 |   1392 |   3 |  613.7 |
               +--------+--------+--------+--------+--------+-----+--------+

Top non-repeatable levels by time:
     D:1: 1151 daAuts
     D:2: 646 daAuts
     D:3: 42 daAuts
